 Dungeon Crawl Stone Soup version 0.28-a0-845-gfc338a8e3c (webtiles) character file.

Game seed: 5465658807994528792

26 BinkBink the Skirmisher (level 2, 0/24 HPs)
             Began as a Demonspawn Berserker on Nov 13, 2021.
             Was a Follower of Trog.
             Slain by an adder (4 damage)
             ... on level 2 of the Dungeon.
             The game lasted 00:01:10 (1056 turns).

BinkBink the Skirmisher (Demonspawn Berserker)      Turns: 1056, Time: 00:01:10

Health: 0/24       AC:  2    Str: 17    XL:     2   Next: 89%
Magic:  2/2        EV:  9    Int:  8    God:    Trog [*.....]
Gold:   52         SH:  0    Dex: 12    Spells: 1/1 levels left

rFire   . . .      SeeInvis .   a - +0 spear
rCold   . . .      Faith    .   (no shield)
rNeg    . . .      Spirit   .   b - +0 animal skin
rPois   .          Reflect  .   (helmet restricted)
rElec   .          Harm     .   (no cloak)
rCorr   .          Rampage  .   (no gloves)
Will    .....                   (no boots)
Stlth   +.........              (no amulet)
HPRegen 0.08/turn               (no ring)
MPRegen 0.08/turn               (no ring)

@: constricted
A: antennae 1
a: Renounce Religion, Berserk


You were on level 2 of the Dungeon.
You worshipped Trog.
Trog was aware of your devotion.
You visited 1 branch of the dungeon, and saw 2 of its levels.

You collected 52 gold pieces.

Inventory:

Hand Weapons
 a - a +0 spear (weapon)
Armour
 b - a +0 animal skin (worn)
Scrolls
 c - a scroll of vulnerability {unknown}
 e - a scroll of brand weapon {unknown}
 f - a scroll of noise {unknown}
Potions
 d - a potion of cancellation {unknown}
 g - a potion of heal wounds {unknown}
 h - a potion of haste {unknown}


   Skills:
 + Level 3.4 Fighting
 + Level 3.2 Polearms
 + Level 1.9 Armour
 + Level 1.9 Dodging
 + Level 0.3 Stealth


You had one spell level left.
You didn't know any spells.
Your spell library was empty.

Dungeon Overview and Level Annotations

Branches:
Dungeon (2/15)

Altars:

Annotations:
D:2 1 runed translucent door, Crazy Yiuf


Innate Abilities, Weirdness & Mutations

You have a pair of small antennae on your head.


Message History

The kobold hits you but does no damage.
You closely miss the kobold.
The kobold is moderately wounded.
The kobold misses you.
The adder hisses angrily.
You hit the kobold but do no damage.
The kobold is moderately wounded.
The kobold misses you.
You hit the kobold.
You kill the kobold!
Trog accepts your kill. The adder bites you.
You are poisoned.
The adder poisons you!
You feel sick.
You feel sick.
You feel sick.
You feel sick. The adder closely misses you.
You feel sick.
You feel sick.
You are no longer poisoned.
The adder bites you.
You are poisoned.
The adder poisons you!
You feel sick.
You feel sick. The adder barely misses you.
You feel sick. The adder barely misses you.
You feel sick.
You feel sick.
You feel sick.
You are no longer poisoned.
Things that are here:
a +0 club; a goblin corpse
There is a stone staircase leading up here.
The adder bites you.
* * * LOW HITPOINT WARNING * * *
The ball python misses you. The ball python grabs you.
You stop ascending the stairs.
The ball python constricts you. The adder bites you.
You die...

♣♣ ###....#..........#
.♣ ######........... .♣
#.....(..### +# ###
##.....#.### .# #.###
#####g........ ## #...#
##..S{.....####
####...#####.g#####..###
.......##.....)S.)>....#
####......###.)S@......#
#...#### #............
#...# #..........###
#...# #..........# #...#
#..........# #...#
############ #...# #####


You could see an adder, a hobgoblin and a ball python.

Vanquished Creatures
  2 dart slugs (D:1)
  2 endoplasms (D:1)
  4 goblins
  4 hobgoblins
  4 kobolds
  A quokka (D:1)
  A bat (D:1)
  A frilled lizard (D:1)
19 creatures vanquished.

Notes
Turn   | Place    | Note
-------+----------+-------------------------------------------
     0 | D:1      | BinkBink the Demonspawn Berserker began the quest for the
                  | Orb.
     0 | D:1      | Reached XP level 1. HP: 18/18 MP: 1/1
    57 | D:1      | Found a faded altar of an unknown god.
   322 | D:1      | Gained mutation: You have a pair of small antennae on your
                  | head. [demonic ancestry]
   322 | D:1      | Reached XP level 2. HP: 24/24 MP: 2/2
   989 | D:2      | Found a runed translucent door.
   990 | D:2      | Noticed Crazy Yiuf
  1056 | D:2      | Slain by an adder

Illustrated notes

Levels and vault maps discovered:
D:1:      dpeg_arrival_leaves_temple_mockup, layout_loops_ring,
          dreamdust_ecumenical_altar_statues
D:2:      layout_rooms, minmay_misc_feat_ornament, uniq_crazy_yiuf_cottage

Skill      XL: |  1  2 |
---------------+-------+-----
Polearms       | 3 |  3.2
Fighting       | |  3.4
Armour         | |  1.9
Dodging        | |  1.9
Stealth        | |  0.3

Action                   || total
-------------------------++-------
Melee: Spear             ||    62
 Stab: Sleeping          ||     3
Armor: Animal skin       ||     6
Dodge: Dodged            ||    21

Table legend: (Time is in decaauts)
 A = Elapsed time spent in this place.
 B = Non-inter-level travel time spent in this place.
 C = Inter-level travel time spent in this place.
 D = Time resting spent in this place.
 E = Time spent auto-exploring this place.
 F = Levels seen in this place.
 G = Mean time per level.
                   A        B        C        D        E       F      G
               +--------+--------+--------+--------+--------+-----+--------+
         Total |   1053 |   1032 |     21 |      0 |    884 |   2 |  526.5 |
       Dungeon |   1053 |   1032 |     21 |      0 |    884 |   2 |  526.5 |
               +--------+--------+--------+--------+--------+-----+--------+

Top non-repeatable levels by time:
     D:1: 915 daAuts
     D:2: 137 daAuts
